AoeStats
← Unglaublich

Arabia

509689973Analyzed
4v4 RM · 6d ago on Sep 27, 2026· 54m 21s· 8 players
Game mode
Random Map
Map size
Large (8 player)
Population
200
Speed
Normal
Resources
Standard
Victory
Conquest
Starting age
Dark Age
Ending age
Imperial Age
RankedLock teamsTeams togetherTeam positionsShared explorationLock speedFull tech treeHidden civsTurbo modeCheats
Victory
Defeat
🇩🇪 Armenians · Germany
1232
+11
🇩🇪 Bohemians · Germany
1165
+13
🇫🇷 Varangians · France
1159
+14
🇩🇪 Berbers · Germany
968
+21
🇧🇷 Ethiopians · Brazil
1178
-18
🇮🇪 Vietnamese · Ireland
1120
-15
🇧🇷 Lithuanians · Brazil
1111
-15
🇧🇷 Persians · Brazil
1011
-11
GameOfSilva
3:30 Loom
11:05 Feudal Age
14:28 Town Watch
14:43 Double-Bit Axe
16:42 Fletching
16:53 Padded Archer Armor
26:27 Wheelbarrow
33:40 Castle Age
33:43 Crossbowman
34:20 Bodkin Arrow
35:22 Leather Archer Armor
38:36 Hand Cart
38:21 Town Patrol
41:38 Town Patrol
43:30 Bow Saw
48:51 Ballistics
48:41 Masonry
52:56 Imperial Age
51:48 Thumb Ring
52:59 Arbalester
53:41 Bracer
54:11 Ring Archer Armor
ForceBr
7:27 Loom
9:36 Feudal Age
10:33 Double-Bit Axe
11:38 Town Watch
12:39 Fletching
13:25 Padded Archer Armor
22:23 Castle Age
22:31 Crossbowman
23:07 Bodkin Arrow
29:07 Bow Saw
45:27 Husbandry
50:45 Imperial Age
50:57 Imperial Age
Mia.Star
7:48 Loom
11:27 Feudal Age
15:18 Bloodlines
23:02 Castle Age
23:03 Scale Barding Armor
23:09 Forging
23:00 Horse Collar
28:23 Chain Barding Armor
28:52 Fletching
29:53 Forging
35:33 Husbandry
40:47 Bodkin Arrow
41:31 Iron Casting
43:08 Double-Bit Axe
46:03 Imperial Age
46:44 Conscription
45:54 Cavalier
49:08 Plate Barding Armor
Manoo
6:59 Loom
9:55 Feudal Age
10:29 Double-Bit Axe
14:45 Town Watch
16:44 Scale Barding Armor
20:46 Forging
20:49 Bloodlines
24:37 Castle Age
25:44 Wheelbarrow
25:58 Chain Barding Armor
27:07 Husbandry
31:31 Gold Mining
35:41 Bow Saw
36:34 Scale Mail Armor
37:09 Iron Casting
42:20 Imperial Age
40:05 Hand Cart
39:51 Town Patrol
41:00 Stone Mining
41:41 Horse Collar
42:39 Stone Shaft Mining
42:47 Cavalier
44:36 Plate Barding Armor
45:04 Light Cavalry
47:12 Herbal Medicine
48:30 Ballistics
49:11 Chemistry
51:41 Fletching
dunpeal30
7:20 Loom
9:56 Feudal Age
11:57 Man-at-Arms
13:30 Double-Bit Axe
14:08 Horse Collar
15:59 Fletching
24:24 Castle Age
22:47 Gold Mining
23:00 Padded Archer Armor
25:25 Wheelbarrow
24:31 Crossbowman
25:12 Bodkin Arrow
26:18 Bow Saw
27:31 Leather Archer Armor
32:22 Pikeman
33:47 Ballistics
45:18 Imperial Age
46:09 Bracer
46:06 Arbalester
48:15 Conscription
50:27 Forging
Erdbär
7:42 Loom
10:13 Feudal Age
14:41 Castle Age
14:17 Double-Bit Axe
23:57 Horse Collar
25:17 Bow Saw
26:39 Redemption
28:44 Wheelbarrow
33:33 Hand Cart
39:50 Imperial Age
40:18 Chemistry
39:01 Pikeman
39:42 Squires
40:03 Forging
40:31 Arson
42:21 Two-Man Saw
41:26 Town Watch
42:30 Ballistics
42:07 Murder Holes
42:43 Heavy Plow
43:10 Conscription
42:28 Elite Hussite Wagon
43:09 Halberdier
44:26 Scale Mail Armor
45:44 Iron Casting
45:24 Chain Mail Armor
48:01 Blast Furnace
48:37 Town Patrol
49:18 Plate Mail Armor
Unglaublich
11:30 Feudal Age
14:18 Double-Bit Axe
14:16 Horse Collar
20:07 Castle Age
21:38 Bow Saw
21:25 Gold Mining
21:44 Heavy Plow
22:14 Scale Barding Armor
22:41 Stone Mining
23:10 Town Watch
23:11 Loom
24:43 Wheelbarrow
24:55 Husbandry
28:14 Pikeman
29:22 Hand Cart
31:16 Town Patrol
32:02 Squires
32:01 Fletching
40:55 Elite Skirmisher
43:11 Gold Shaft Mining
43:12 Stone Shaft Mining
46:51 Imperial Age
48:45 Conscription
49:58 Heavy Camel Rider
50:42 Maghrebi Camels
50:45 Kasbah
53:12 Ballistics
53:17 Chain Barding Armor
52:58 Padded Archer Armor
52:54 Bodkin Arrow
53:00 Scale Mail Armor
53:11 Forging
ElectroPower84
5:10 Loom
9:22 Feudal Age
10:50 Double-Bit Axe
11:22 Horse Collar
14:55 Bloodlines
17:57 Scale Barding Armor
20:10 Gold Mining
22:50 Castle Age
21:21 Forging
24:05 Bow Saw
23:58 Heavy Plow
24:20 Chain Barding Armor
26:41 Wheelbarrow
26:33 Stone Mining
29:08 Iron Casting
33:35 Vendel Legacy
37:55 Hand Cart
42:40 Town Watch
46:22 Imperial Age
45:37 Husbandry
46:33 Treadmill Crane
47:14 Ballistics
47:06 Masonry
46:37 Cavalier
49:54 Plate Barding Armor
50:20 Blast Furnace
49:39 Guilds
51:31 Conscription
52:48 Light Cavalry
53:20 Fletching
Connection lost

Rejoining the realm…

Still unreachable

The connection could not be restored.

Session expired

The server has moved on; the page needs a fresh start.